Map: Ascension to Aiur LE

Players

battlefront

  • Race: Terran Terran
  • League: Platinum
  • Spawn Location: 11:00

axu - Winner!

  • Race: Protoss Protoss
  • League: Platinum
  • Spawn Location: 5:00

VOD

Have the link to the VOD?

Description

Time

  • Played on: Jan. 5, 2018, 7:55 a.m.
  • Length: 9:03
Show
View Real Time Build Order
Export as new Build Order

battlefront Terran 

Build Orders: Liberator Opening, Reaper Expand 

Get SALT Encoding   

  12  0:04  SCV  
  13  0:16  SCV  
  14  0:21  Supply Depot  
  15  0:28  SCV  
  15  0:43  SCV  
  15  0:47  Barracks  
  16  0:51  Refinery  
  16  0:55  SCV  
  17  1:07  SCV  
  18  1:19  SCV  
  19  1:36  Reaper  
  20  1:40  Command Center  
  20  1:43  SCV  
  20  1:46  Refinery  
  21  1:54  Supply Depot  
  21  1:55  SCV  
  22  2:07  SCV  
  23  2:09  Barracks Reactor  
  23  2:21  Orbital Command  
  23  2:25  Factory  
  23  2:50  Marine x2  
  25  2:52  Bunker  
  24  3:01  Orbital Command  
  24  3:08  Marine x2  
  24  3:09  Factory Tech Lab  
  24  3:10  Starport  
  24  3:11  SCV  
  27  3:23  SCV  
  28  3:27  SCV  
  29  3:34  Marine x2, Siege Tank  
  29  3:35  SCV  
  29  3:39  Liberator  
  35  3:42  Engineering Bay  
  35  3:44  Supply Depot  
  35  3:49  SCV x2  
  40  4:04  Marine x2  
  42  4:18  SCV  
  42  4:19  SCV  
  42  4:21  Siege Tank  
  47  4:25  Refinery  
  47  4:27  Refinery  
  47  4:30  SCV  
  47  4:31  Supply Depot, SCV  
  49  4:34  Engineering Bay  
  49  4:36  Missile Turret  
  49  4:40  Missile Turret  
  49  4:43  Marine  
  50  4:47  Starport Reactor  
  50  4:48  SCV  
  51  4:54  Widow Mine  
  54  5:02  Marine x2  
  57  5:07  Terran Infantry Weapons Level 1  
  55  5:15  Supply Depot  
  55  5:18  Barracks  
  55  5:19  Engineering Bay  
  54  5:48  Marine x2  
  56  6:06  Marine x2  
  56  6:08  Siege Tank  
  58  6:16  SCV x2  
  58  6:24  Marine x2  
  60  6:31  SCV x2  
  57  6:40  Siege Tank  
  57  6:41  Barracks Reactor  
  57  6:42  Marine x2  
  57  6:43  SCV x2  
  57  6:44  Medivac  
  66  6:49  Command Center  
  66  6:55  Barracks x2, SCV x2  
  66  7:01  Terran Infantry Armor Level 1  
  68  7:07  SCV x2  
  70  7:13  Siege Tank  
  67  7:20  Marine x4  
  68  7:23  Medivac  
  70  7:43  Marine x4  
  74  7:45  Supply Depot, Siege Tank  
  74  7:50  Supply Depot  
  77  7:53  Supply Depot  
  77  7:54  Barracks Tech Lab  
  77  7:56  Barracks Tech Lab  
  77  8:00  Marine x4  
  77  8:01  Barracks  
  81  8:18  Marine x4  
  85  8:21  Marine  
  85  8:22  Marauder  
  83  8:36  Marine x3  
  83  8:40  Marauder  
Show
View Real Time Build Order
Export as new Build Order

axu Protoss - Winner!

Build Orders: 1 Gate Expand, Blink Stalkers 

Get SALT Encoding   

  12  0:00  Probe  
  13  0:13  Probe  
  14  0:17  Pylon  
  14  0:25  Probe  
  15  0:37  Probe  
  15  0:39  Gateway  
  16  0:49  Probe  
  17  0:54  Assimilator  
  17  1:01  Probe  
  18  1:13  Probe  
  20  1:32  Nexus  
  19  1:37  Probe  
  19  1:38  Cybernetics Core  
  20  1:50  Probe  
  21  1:59  Assimilator  
  21  2:00  Pylon  
  21  2:03  Probe  
  22  2:15  Probe  
  23  2:16  Stalker (Chrono Boost)  
  25  2:27  Probe  
  26  2:33  Robotics Facility  
  26  2:42  Twilight Council  
  27  2:58  Probe x2  
  28  3:10  Probe x2  
  28  3:11  Gateway  
  30  3:26  Blink (Chrono Boost)  
  30  3:27  Observer  
  30  3:31  Warp Gate (Chrono Boost)  
  30  3:32  Pylon, Probe x2  
  32  3:44  Probe x2  
  34  3:56  Immortal, Probe x2  
  40  4:04  Pylon  
  40  4:08  Probe x2  
  40  4:09  Assimilator  
  42  4:14  Assimilator  
  42  4:17  Gateway  
  42  4:27  Probe x2  
  44  4:34  Shield Battery  
  44  4:36  Shield Battery  
  44  4:38  Stalker  
  44  4:39  Stalker, Probe  
  44  4:40  Probe  
  50  4:51  Probe  
  50  4:52  Probe  
  52  5:03  Immortal (Chrono Boost), Probe  
  57  5:18  Probe x2  
  59  5:29  Stalker  
  59  5:30  Probe  
  59  5:35  Pylon  
  62  5:39  Pylon  
  60  5:44  Pylon  
  60  5:49  Stalker  
  62  5:53  Immortal  
  66  6:00  Stalker x2  
  70  6:15  Stalker  
  68  6:30  Stalker x2  
  68  6:32  Immortal  
  74  6:41  Robotics Bay  
  74  6:44  Stalker  
  74  6:45  Nexus  
  74  6:47  Pylon  
  76  6:49  Probe x2  
  76  6:50  Pylon  
  78  7:01  Probe x2  
  80  7:13  Probe  
  80  7:14  Probe  
  82  7:31  Gateway  
  82  7:32  Gateway  
  82  7:34  Colossus (Chrono Boost)  
  88  7:43  Pylon  
  88  7:47  Pylon  
  88  7:50  Gateway  
  88  7:52  Gateway  
  88  7:53  Gateway  
  88  7:57  Gateway  
  88  7:58  Forge  
  88  8:01  Forge  
  88  8:19  Probe x2  
  90  8:20  Colossus (Chrono Boost), Probe  
  90  8:23  Stalker x2  
  90  8:24  Stalker  
  97  8:31  Probe  
  96  8:48  Probe x2  
  96  8:49  Probe  
  96  8:51  Assimilator  
  96  8:53  Assimilator  
  99  8:56  Shield Battery  
  99  8:58  Shield Battery  
  99  9:00  Shield Battery  
Tags
 
Add a new tag
Caveats
  • Supply blocks, unpowered buildings, or Contaminate may cause inaccurate times.
  • Supply counts are checked every 10 seconds.